 Dungeon Crawl Stone Soup version 0.21.1-1-g345015f (webtiles) character file.

37 inc the Scratcher (level 3, -2/17 HPs)
             Began as a Felid Monk on Mar 7, 2018.
             Slain by a jackal (3 damage)
             ... on level 1 of the Dungeon.
             The game lasted 00:01:46 (1229 turns).

inc the Scratcher (Felid Monk)                      Turns: 1229, Time: 00:01:47

Health: -2/17      AC:  1    Str:  7    XL:     3   Next: 21%
Magic:  4/4        EV: 19    Int: 12    God:
Gold:   60         SH:  0    Dex: 18    Spells: 2/2 levels left
                                        Lives:  0   Deaths: 0

rFire    . . .     SeeInvis +     - Unarmed
rCold    . . .     Gourm    .   (shield unavailable)
rNeg     . . .     Faith    .   (armour unavailable)
rPois    .         Spirit   .   (helmet unavailable)
rElec    .         Reflect  .   (cloak unavailable)
rCorr    .         Harm     .   (gloves unavailable)
MR       .....                  (boots unavailable)
Stlth    +++.......             (no amulet)
HPRegen  0.05/turn              (no ring)
MPRegen  0.09/turn              (no ring)

@: quick
A: very small, no armour, no weapons or thrown items, stealth, claws 1, fangs 3,
see invisible, carnivore, speed 1, shaggy fur 1, slow metabolism 1, sharp paws
a: no special abilities


You were on level 1 of the Dungeon.
You were not hungry.

You visited 1 branch of the dungeon, and saw 2 of its levels.

You collected 60 gold pieces.

Inventory:

Jewellery
 d - an uncursed ring of poison resistance {unknown}
 g - a cursed ring of teleportation {unknown}
Scrolls
 b - 2 scrolls of enchant armour {unknown}
 e - 2 scrolls of teleportation {unknown}
 f - a scroll of random uselessness {unknown}
 h - a scroll of remove curse {unknown}
Potions
 c - a potion of curing
Comestibles
 a - 3 rations


   Skills:
 - Level 3.0 Fighting
 - Level 4.0 Dodging
 - Level 2.6 Stealth
 + Level 4.3 Unarmed Combat


You had 2 spell levels left.
You didn't know any spells.

Dungeon Overview and Level Annotations

Branches:
Dungeon (2/15)

Altars:


Innate Abilities, Weirdness & Mutations

You cannot wear armour.
You are incapable of wielding weapons or throwing items.
Your paws allow you to move quietly. (Stealth)
You have sharp claws.
You have razor-sharp teeth.
You have supernaturally acute eyesight. (SInv)
You are carnivorous and can eat meat at any time.
You cover ground quickly.
You are covered in fur. (AC +1)
You have a slow metabolism.
Your sharp claws are effective at attacking unaware monsters.


Message History

You kill the jackal!
The jackal closely misses you.
The kobold throws a stone.
The stone completely misses you. The jackal misses you.
The kobold barely misses you. The jackal barely misses you.
You see here a jackal corpse.
You claw the kobold!
You kill the kobold!
The jackal bites you.
* * * LOW HITPOINT WARNING * * *
You scratch the jackal. Your bite misses the jackal.
The jackal is almost dead.
The jackal bites you.
* * * LOW HITPOINT WARNING * * *
You closely miss the jackal.
The jackal is almost dead.
The jackal bites you.
* * * LOW HITPOINT WARNING * * *
The jackal bites you.
You die... #.<((.# ##### #.....# ########.... #.....# ##PPPPPPP.PPP #####'# #..)..P.P...P ######.### #.PPP.P.P.P.P #...#....# #.P.P.P...P.. #...#....## #.P.P(P.P.PPP #.8.#.....# ########.P.....P...P #...'.....# #sh@.....PPP)PPPPPPP

#...#.....###S####...P.P...P.P.P
#####.........###.#..P.P.P.P.P.P
#............###.P...P.....P
#.#.#########.#.#P.PPPPPPP.P
#.#.# ##.##P.P.......P #.#.#


##.##PPPPPPP.PPP #.#.# #.......####.### ####.#.# ####..#[.♣♣♣♣♣#.# You could see
an adder, a jackal and a giant cockroach.

Vanquished Creatures
  A leopard gecko (D:1)
  5 bats (D:1)
  A giant cockroach (D:1)
  5 goblins (D:1)
  6 hobgoblins
  A jackal (D:1)
  3 frilled lizards
  6 kobolds (D:1)
  8 rats (D:1)
  A plant (D:1)
37 creatures vanquished.

Notes
Turn   | Place    | Note
-------+----------+-------------------------------------------
     0 | D:1      | inc the Felid Monk began the quest for the Orb.
     0 | D:1      | Reached XP level 1. HP: 10/10 MP: 2/2
   246 | D:1      | Reached XP level 2. HP: 12/14 MP: 3/3
   940 | D:1      | Reached XP level 3. HP: 13/17 MP: 4/4
  1229 | D:1      | Slain by a jackal

Skill      XL: |  1  2 |
---------------+-------+-----
Unarmed Combat | 4 |  4.3
Fighting       | |  3.0
Dodging        | |  4.0
Stealth        | |  2.6

Action                   || total
-------------------------++-------
Melee: Unarmed           ||   137
       Bite              ||    12
       Punch             ||     4
  Use: Potion            ||     3
 Stab: Sleeping          ||     4
Armor: Skin              ||     2
Dodge: Dodged            ||   100
